 Dungeon Crawl Stone Soup version 0.27-a0-1434-g6f15984924 (webtiles) character file.

Game seed: 12694671036430790671

65 blackman the Conjurer (level 3, -3/23 HPs)
             Began as a Draconian Conjurer on July 3, 2021.
             Was a Follower of Hepliaklqana.
             Succumbed to a goblin's poison
             ... on level 2 of the Dungeon.
             The game lasted 00:16:37 (2980 turns).

blackman the Conjurer (Draconian Conjurer)          Turns: 2980, Time: 00:16:38

Health: -3/23      AC:  6    Str:  9    XL:     3   Next: 94%
Magic:  4/6        EV: 12    Int: 19    God:    Hepliaklqana [*.....]
Gold:   27         SH:  0    Dex:  9    Spells: 5/6 levels left

rFire    . . .     SeeInvis .   a - +0 dagger
rCold    . . .     Faith    .   (no shield)
rNeg     . . .     Spirit   .   (armour unavailable)
rPois    .         Reflect  .   (helmet restricted)
rElec    .         Harm     .   b - +0 cloak
rCorr    .         Rampage  .   (no gloves)
Will     .....                  (no boots)
Stlth    ++........             (no amulet)
HPRegen  0.07/turn              (no ring)
MPRegen  0.10/turn              (no ring)

@: lethally poisoned (-3 -> -23)
A: reduced essence, AC +5, unfitting armour, cold-blooded
a: Renounce Religion, Recall Ancestor, Ancestor Identity


You were on level 2 of the Dungeon.
You worshipped Hepliaklqana.
Hepliaklqana was aware of your devotion.
You visited 1 branch of the dungeon, and saw 3 of its levels.

You collected 27 gold pieces.

Inventory:

Hand Weapons
 a - a +0 dagger (weapon)
Armour
 b - a +0 cloak (worn)
Wands
 j - a wand of paralysis (10)
Scrolls
 c - a scroll of identify {unknown}
 e - a scroll of teleportation {unknown}
 i - a scroll of enchant weapon {unknown}
Potions
 d - a potion of flight {unknown}
 f - a potion of mutation {unknown}
 g - a potion of cancellation {unknown}
 h - a potion of curing {unknown}


   Skills:
 - Level 1.9 Dodging
 - Level 1.9 Stealth
 - Level 2.1 Spellcasting
 * Level 5.4 Conjurations


You had 5 spell levels left.
You knew the following spells:

 Your Spells              Type           Power      Damage    Failure   Level
a - Magic Dart            Conj           88%        1d7       1%          1

Your spell library contained the following spells:

 Spells                   Type           Power      Damage    Failure   Level
 Searing Ray              Conj           44%        3d4       2%          2
 Corona                   Hex            1%         N/A       17%         1
 Sting                    Tmut/Pois      4%         1d3       17%         1
 Dazzling Flash           Conj/Hex       24%        N/A       17%         3
 Mephitic Cloud           Conj/Pois/Air  8%         N/A       24%         3
 Ensorcelled Hibernation  Hex/Ice        2%         N/A       26%         2
 Poisonous Vapours        Pois/Air       2%         N/A       26%         2
 Tukima's Dance           Hex            1%         N/A       45%         3
 Fulminant Prism          Conj/Hex       6%         3d7       50%         4
 Iskenderun's Mystic Bla  Conj/Tloc      12%        2d5       50%         4
 Olgreb's Toxic Radiance  Pois           1%         N/A       86%         4
 Freezing Cloud           Conj/Ice/Air   4%         6-21      92%         5


Dungeon Overview and Level Annotations

Branches:
Dungeon (3/15)

Altars:
Hepliaklqana

Shops:
D:1 (([*

Annotations:
D:2 Robin


Innate Abilities, Weirdness & Mutations

Your life essence is reduced to manifest your ancestor. (-10% HP)
Your plain brown scales are hard. (AC +5)
You cannot fit into any form of body armour.
You are cold-blooded and may be slowed by cold attacks.


Message History

You hit the hobgoblin but do no damage.
The hobgoblin is heavily wounded.
You feel sick. The hobgoblin barely misses you. The goblin closely misses you.
Rick Schmitz barely misses the goblin.
The goblin hits you but does no damage.
You are more poisoned.
You hit the hobgoblin.
The hobgoblin is severely wounded.
You feel very sick. The hobgoblin closely misses you.
The goblin hits you with a +0 dagger.
Rick Schmitz barely misses the goblin.
The goblin hits you but does no damage.
You are lethally poisoned!
Casting: Magic Dart (safe; 1% risk of failure)
Confirm with . or Enter, or press ? or * to list all spells.
Aiming: Magic Dart (safe; 1% risk of failure)
Press: ? - help, Shift-Dir - straight line, f/p - hobgoblin
Aim: a hobgoblin (severely wounded, 100% to hit)
The magic dart hits the hobgoblin.
You kill the hobgoblin!
You feel very sick. The goblin closely misses you.
Robin throws the goblin at you!
The goblin hits you but does no damage. x2
You barely miss the goblin.
Your tail-slap misses the goblin.
The goblin is moderately wounded.
You feel very sick. The goblin hits you but does no damage.
Rick Schmitz hits the goblin.
The goblin barely misses you. The goblin hits you but does no damage.
You barely miss the goblin.
The goblin is moderately wounded.
* * * LOW HITPOINT WARNING * * *
You feel very sick. The goblin hits you but does no damage.
Rick Schmitz hits the goblin.
The goblin dies!
A goblin comes into view. It is wielding a +0 club.
The goblin barely misses you.
The goblin hits you with a +1 dagger of venom.
* * * LOW HITPOINT WARNING * * *
You are more poisoned.
You miss the goblin.
The goblin is moderately wounded.
You die...

#### ## #.. .
#######g################
......g@g)R..)..........
#########gg..........###
#.g..........'<#
.g...)..........###
.gg..............###
...g..)...........'..
.........†........###
............(.....#
######............###


You could see the friendly Rick Schmitz the ancestor, Robin and 5 goblins.

Vanquished Creatures
  A gnoll (D:1)
  A dart slug (D:1)
  3 ball pythons
  A bat (D:1)
  3 endoplasms (D:1)
  6 goblins
  3 hobgoblins (D:2)
  3 jackals (D:2)
  2 quokkas (D:1)
  A frilled lizard (D:2)
  6 kobolds
  2 rats
32 creatures vanquished.

Vanquished Creatures (collateral kills)
  2 endoplasms (D:2)
  4 goblins
  3 hobgoblins
  A jackal (D:2)
  3 kobolds
  A rat (D:2)
14 creatures vanquished.

Vanquished Creatures (others)
  An ancestor (D:1)
  A plant (D:1)
  2 withered plants (D:1)
4 creatures vanquished.

Grand Total: 50 creatures vanquished

Notes
Turn   | Place    | Note
-------+----------+-------------------------------------------
     0 | D:1      | blackman the Draconian Conjurer began the quest for the
                  | Orb.
     0 | D:1      | Reached XP level 1. HP: 14/14 MP: 3/3
    96 | D:1      | Found Egitytt's General Store.
   307 | D:1      | Found Eddoffaewi's Antique Weapon Shop.
   323 | D:1      | Found Kaasium's Weapon Shop.
   687 | D:1      | Reached XP level 2. HP: 17/20 MP: 0/5
   763 | D:1      | Found Uptirucu's Armour Shoppe.
   932 | D:1      | Found a faded altar of an unknown god.
   995 | D:1      | Became a worshipper of Hepliaklqana the Forgotten
   995 | D:1      | Reached * piety under Hepliaklqana
  1959 | D:1      | Reached XP level 3. HP: 23/23 MP: 0/6
  2224 | D:2      | Reached skill level 5 in Conjurations
  2962 | D:2      | Noticed Robin
  2979 | D:2      | HP: 1/23 [goblin[Robin] (3)]
  2980 | D:2      | Succumbed to a goblin's poison

Illustrated notes

Levels and vault maps discovered:
D:1:      lightli_arrival_statue_moat, layout_loops_corners, serial_shops,
          nicolae_shop_trees, shop, shop, nicolae_shop_waterfront,
          shapermc_ecumenical_altar_flowoftime, grunt_decor_resistance,
          minivault_25
D:2:      layout_basic, uniq_robin
D:3:      layout_rooms, overflow_temple_1_default, grunt_temple_overflow_open,
          serial_aquarium, aquarium_bridge_square [aquarium_subvault_window,
          aquarium_subvault_wall, aquarium_subvault_bridge,
          aquarium_subvault_bridge], aquarium_bridge_straight
          [aquarium_subvault_bridge, aquarium_subvault_wall,
          aquarium_subvault_bridge, aquarium_subvault_window],
          aquarium_window_fake, aquarium_window_double, aquarium_view_2d,
          aquarium_view_2e, aquarium_pool_four, cheibrodos_gnoll_hut,
          uniq_grinder, uniq_natasha, uniq_ijyb, uniq_sigmund

Skill      XL: |  1  2  3 |
---------------+----------+-----
Conjurations   | 5 |  5.4
Dodging        | |  1.9
Stealth        | |  1.9
Spellcasting   | |  2.1

Action                   || total
-------------------------++-------
Melee: Dagger            ||    19
       Unarmed           ||     3
       Tailslap          ||     1
 Cast: Magic Dart        ||    80
Invok: Ancestor Identity ||     1
Armor: Skin              ||    16
Dodge: Dodged            ||    32

Table legend: (Time is in decaauts)
 A = Elapsed time spent in this place.
 B = Non-inter-level travel time spent in this place.
 C = Inter-level travel time spent in this place.
 D = Time resting spent in this place.
 E = Time spent auto-exploring this place.
 F = Levels seen in this place.
 G = Mean time per level.
                   A        B        C        D        E       F      G
               +--------+--------+--------+--------+--------+-----+--------+
         Total |   2980 |   2830 |    150 |   1056 |   1261 |   3 |  993.3 |
       Dungeon |   2980 |   2830 |    150 |   1056 |   1261 |   3 |  993.3 |
               +--------+--------+--------+--------+--------+-----+--------+

Top non-repeatable levels by time:
     D:1: 2169 daAuts
     D:2: 809 daAuts
     D:3: 1 daAuts
